[Event "Early-Titled-Tuesday-Blitz-March-05-2024"]
[Site "Chess.com"]
[Date "2024.03.05"]
[Round "11"]
[White "profedechess93"]
[Black "Boorchess"]
[Result "1-0"]
[WhiteElo "2644"]
[BlackElo "2521"]
[TimeControl "180+1"]
[EndTime "10:11:45 PST"]
[Termination "profedechess93 won by resignation"]

1. e4 e5 2. Nf3 Nf6 3. d4 Nxe4 4. dxe5 d5 5. Nbd2 Bf5 6. Nd4 Bg6 7. Nxe4 Bxe4 8. e6 Bc5 9. exf7+ Kxf7 10. Be3 Re8 11. Be2 Bxd4 12. Qxd4 Nc6 13. Qc5 Qe7 14.
O-O-O Qxc5 15. Bxc5 Bxg2 16. Rhe1 Rxe2 17. Rxe2 Bf3 18.
Red2 Bxd1 19. Kxd1 Rd8 20. Ke2 b6 21. Be3 Rd7 22.
c3 Ne5 23. b3 c6 24. h3 Ng6 25. a4 Ne7 26. a5 c5 27. axb6 axb6 28. Ra2 d4 29.
cxd4 cxd4 30. Bd2 d3+ 31. Kf3 Ng6 32. Ke4 Ne7 33. Ra4 Ke6 34. Rd4 Rxd4+ 35. Kxd4 Nf5+ 36. Kxd3 Kd5 37. Bc3 b5 38. Bb2 g6 39. Bf6 Ke6 40.
Bc3 Kd5 41. Bf6 Nd6 42. f3 Nf5 43. Kc3 Ke6 44. Bg5 Kd5 45. Bf6 Nd6 46. Kb4 Kc6 47. Be5 Nf5 48. Kc3 Nh4 49. f4 Nf5 50. Kb4 Ne3 51. Kc3 Kd5 52. Kb4 Kc6 53. Kc3 Nf5 54. Kd3 Kd5 55. Kc3 Ne7 56. Kb4 Kc6 57. Kc3 Kc5 58.
Kd3 Kd5 59. Kc3 Nc6 60. Bc7 Nd4 61. Kb4 Kc6 62. Be5 Nc2+ 63. Kc3 Ne3 64. Kd3 Nf5 65. Ke4 Kc5 66. Kd3 Kb4 67. Kc2 Ne3+ 68. Kb2 Nd5 69. Bd4 Ka5 70. Be5 Kb6 71. Kc2 Kc5 72. Kd3 Ne7 73.
Ke4 Nc6 74. Bc3 Kd6 75. Be1 Ke6 76. b4 Ne7 77. Kd4 Kd6 78. Ke4 Nf5 79. Bf2 Ke6 80. Be1 Ne7 81. Kf3 Nd5 82. Bf2 Kf5 83. Bc5 Nxf4 84.
Ke3 Nxh3 85. Kd4 Nf4 86. Bd6 Ne6+ 87. Kd5 h5 88. Kc6 Nd4+ 89. Kc5 Nc2 90. Kxb5 g5 91.
Kc4 g4 92. b5 Na3+ 93. Bxa3 g3 94. b6 h4 95. b7 h3 96. b8=Q h2 97. Qb7 Kg4 98. Qg2 1-0

[Event "Early-Titled-Tuesday-Blitz-March-05-2024"]
[Site "Chess.com"]
[Date "2024.03.05"]
[Round "11"]
[White "xakevicius91"]
[Black "Coach_Istvanovszki"]
[Result "1/2-1/2"]
[WhiteElo "2568"]
[BlackElo "2461"]
[TimeControl "180+1"]
[EndTime "10:12:02 PST"]
[Termination "Game drawn by 50-move rule"]

1. e4 g6 2. d4 Bg7 3. Be3 c5 4. Nf3 Qa5+ 5. c3 cxd4 6. Bxd4 Nf6 7. Nbd2 Nc6 8. Be3 O-O 9. Be2 d5 10. Nb3 Qd8 11. exd5 Nxd5 12. Qd2 Nxe3 13. Qxe3 b6 14. h4 Bb7 15. h5 e5 16. hxg6 hxg6 17. Ng5 Qe7 18.
O-O-O Rac8 19. Kb1 Nd8 20. Rh2 Ne6 21. Nxe6 Qxe6 22. Rdh1 Rfd8 23. Qg5 Qf5+ 24. Qxf5 gxf5 25. Rh5 Bxg2 26. Rg1 Be4+ 27. Kc1 Kf8 28. Nd2 Bd5 29. Rxf5 Bxa2 30. Kc2 Be6 31. Rh5 a5 32. Ne4 a4 33.
Kc1 a3 34. bxa3 f5 35. Nd2 Rxc3+ 36. Kb2 Rxd2+ 37. Kxc3 Rxe2 38. Rh7 Bf6 39. Rh6 Ke7 40. Rgg6 Rxf2 41. Rxf6 Rf3+ 42. Kb2 Rb3+ 43. Kc2 Bc4 44. Rxf5 Rxa3 45. Rxe5+ Kd7 46. Rxb6 Kc7 47. Rb4 Ba6 48. Rc5+ Kd6 49. Rg5 Bd3+ 50. Kd2 Ke6 51. Rh5 Kf6 52. Rc5 Bf5 53. Rb6+ Be6 54. Rcc6 Ra2+ 55. Kd3 Ra3+ 56. Kd4 Ra4+ 57. Kc5 Re4 58. Kd6 Re1 59. Kc7 Kf5 60. Rd6 Kf6 61. Rbc6 Kf5 62. Kd8 Kf6 63.
Ke8 Kf5 64. Ke7 Bd5+ 65. Kd7 Bxc6+ 66. Kxc6 Ke5 67. Rd2 Rc1+ 68. Kb5 Ke4 69. Kb4 Ke3 70. Rd8 Rc7 71. Kb5 Ke4 72. Kb6 Rc1 73. Re8+ Kd5 74. Rd8+ Ke6 75. Re8+ Kd7 76. Re2 Rb1+ 77. Kc5 Rc1+ 78. Kd4 Rc6 79. Rh2 Rd6+ 80. Ke5 Rg6 81. Rh7+ Kc6 82. Rh1 Rg2 83. Kf5 Re2 84. Rd1 Kc5 85. Kf4 Kc4 86. Kf3 Re7 87. Rd8 Kc5 88. Rc8+ Kd6 89. Rd8+ Kc7 90. Rd1 Rd7 91. Rc1+ Kd6 92.
Ke4 Ke7 93. Ke5 Ra7 94. Rh1 Ra5+ 95. Kd4 Kf7 96. Rh7+ Kg6 97. Rb7 Kf6 98. Rb6+ Ke7 99. Kc4 Rg5 100. Rh6 Kf7 101. Kd4 Rg6 102. Rh1 Rg5 103. Ke4 Ra5 104. Rb1 Ra4+ 105. Kf5 Ra5+ 106. Kf4 Rc5 107. Rd1 Ke6 108. Ke4 Rc4+ 109. Kd3 Ra4 110. Rh1 Kd5 111. Rh5+ Kd6 112. Rh7 Rg4 113. Rh6+ Ke5 114. Ke3 Rg3+ 115. Kf2 Ra3 116. Rb6 1/2-1/2

[Event "Early-Titled-Tuesday-Blitz-March-05-2024"]
[Site "Chess.com"]
[Date "2024.03.05"]
[Round "11"]
[White "AlexeiShirov"]
[Black "Sebastian"]
[Result "1/2-1/2"]
[WhiteElo "2862"]
[BlackElo "2930"]
[TimeControl "180+1"]
[EndTime "10:12:25 PST"]
[Termination "Game drawn by repetition"]

1. e4 e5 2. Nf3 Nc6 3. Bb5 Nf6 4. O-O Nxe4 5. d4 Nd6 6. a4 exd4 7. Nxd4 Be7 8. Nc3 O-O 9. Nd5 Bf6 10. Nf3 Nxb5 11. axb5 Ne5 12. b6 cxb6 13. Be3 Nc4 14. Nxf6+ Qxf6 15. Bd4 Qf5 16. b3 Na5 17. Be5 d5 18.
Bd6 Re8 19. Nd4 Qg6 20. Bg3 Bd7 21. Qd2 h6 22. f4 Bf5 23. Rfe1 Nc6 24. c3 Be4 25. Nb5 Re7 26. Bh4 Rd7 27. Re3 a6 28.
Nd4 Nxd4 29. cxd4 Qh5 30. Bf2 Rc8 31. Rh3 Qf5 32. Rc1 Rdc7 33. Rxc7 Rxc7 34. Rc3 Rxc3 35. Qxc3 Qxf4 36. h3 Qg5 37. Bg3 Kh7 38. Kh2 h5 39.
h4 Qg4 40. Qe3 f6 41. Qf2 a5 42. Bc7 Qe6 43. Qe2 Kg6 44. Bd8 Qf5 45. Bxb6 Qf4+ 46. Kg1 Qxh4 47. Bxa5 Qg4 48. Qxg4+ hxg4 49. Kf2 Kf5 50.
g3 g5 51. Ke3 Bc2 52. b4 Bb3 53. Bd8 Bc4 54. Be7 Ke6 55. Bd8 Bb5 56. Bc7 Kd7 57. Bb6 Bc4 58. Bc5 f5 59. Bf8 Ke6 60. Bh6 Kf6 61. Bf8 f4+ 62. gxf4 Kf5 63. fxg5 Kxg5 64.
Bd6 Kh4 65. Kf2 Kh3 66. Bg3 Bd3 67. Bf4 Be4 68. Bg3 Bf3 69. Bf4 Kh4 70. Bg3+ Kg5 71.
Ke3 Kf5 72. Be5 Ke6 73. Bg3 Kd7 74. Bf4 Kc6 75. Bg3 Kb5 76. Bd6 Kc4 77. Bc5 Be4 78.
Kf2 Kd3 79. Kg3 Bf5 80. b5 Kc4 81. b6 Be6 82. Kf4 Bd7 83. Kg3 Kd3 84. Kf4 Bc8 85. Kg3 Ke3 86. Kg2 Be6 87. Kg3 Bf5 88. Kg2 Be4+ 89. Kg3 Bf3 90. Kh2 Kf2 91. Bd6 Be4 92.
Bg3+ Ke3 93. Be5 Kf3 94. Bg3 Bf5 95. Be5 Bd7 96. Bg3 Ke4 97. Be5 Kd3 98. Kg3 Kc4 99. Bf6 Kb5 100. Bd8 Kc6 101. Kf4 Be6 102. Kg3 Kb5 103. Bc7 Kc4 104. Be5 Kc3 105. Kf2 Kd3 106. Kg3 Ke3 107. Kg2 Bd7 108. Kg3 Bf5 109. Bf6 Be6 110. Be5 Ke4 111. Bf6 Kf5 112. Be5 Bd7 113. Bd6 Be6 114. Be5 Ke4 115. Bf6 Kd3 116. Be5 Kc4 117. Bf6 Kb5 118. Bd8 Bd7 119. Bc7 Kb4 120. Bd8 Kc3 121. Bf6 Kd3 122. Be5 Ke3 123. Bf6 Ke4 124. Be5 Kf5 125. Bg7 Bc8 126. Be5 Bd7 1/2-1/2

[Event "Early-Titled-Tuesday-Blitz-March-05-2024"]
[Site "Chess.com"]
[Date "2024.03.05"]
[Round "11"]
[White "sorch29"]
[Black "M1711"]
[Result "1-0"]
[WhiteElo "2474"]
[BlackElo "2573"]
[TimeControl "180+1"]
[EndTime "10:12:45 PST"]
[Termination "sorch29 won by checkmate"]

1. d4 Nf6 2. c4 c5 3. Nf3 e6 4. Nc3 cxd4 5. Nxd4 a6 6. e3 d6 7. Be2 Be7 8. O-O O-O 9. b3 Qc7 10. Bb2 Nbd7 11. Rc1 b6 12. Bf3 Bb7 13. Bxb7 Qxb7 14. Qf3 Qxf3 15. Nxf3 Rac8 16. Rfd1 Rfd8 17. Kf1 h6 18. Ke2 Kf8 19. Ba3 Nc5 20. Ne1 Ke8 21. Nd3 Rc7 22. h3 Rdc8 23. Nxc5 dxc5 24. g4 Rd7 25. Rxd7 Nxd7 26. Ne4 g6 27. Bb2 Rc6 28. f4 f5 29. Nf2 Bf6 30. Bxf6 Nxf6 31. Rd1 Ke7 32.
Kf3 Rd6 33. Rxd6 Kxd6 34. e4 Ke7 35. e5 Nd7 36. Nd3 Nb8 37. b4 cxb4 38. Nxb4 a5 39.
Nc2 Na6 40. Ke3 Kd7 41. Kd4 Nb8 42. Kc3 Nc6 43. a4 Nb8 44. Nd4 Na6 45. Nb3 Kd8 46.
Kd4 Kc7 47. c5 Kc6 48. cxb6 Kxb6 49. gxf5 gxf5 50. Kc4 Nc7 51. Nd4 h5 52. h4 Nd5 53.
Nxe6 Ne3+ 54. Kd4 Ng2 55. Ng7 Nxh4 56. Nxh5 Kc6 57. Ng7 Ng6 58. Nxf5 Nxf4 59. Ne7+ Kd7 60. Nd5 Ne6+ 61. Kc4 Nd8 62. Nf4 Nc6 63. e6+ Kd6 64. Kb5 Ne7 65. Kxa5 Ke5 66. Nd3+ Kxe6 67. Kb6 Nd5+ 68.
Kb7 Nc3 69. a5 Kd6 70. a6 Nb5 71. Nb4 Nc7 72. a7 Kd7 73. Nd5 Nxd5 74. a8=Q Ne7 75.
Qa4+ Kd6 76. Qd4+ Nd5 77. Qd1 Kc5 78. Kc8 Kd6 79. Qd4 Kc6 80. Kd8 Kd6 81. Qf2 Ke6 82.
Ke8 Nf6+ 83. Kf8 Nd7+ 84. Kg7 Ne5 85. Qe3 Kd5 86. Kf6 Nc4 87. Qg5+ Kd4 88. Kf5 Kd5 89. Qf4 Nd6+ 90. Kf6 Ne4+ 91. Ke7 Nc5 92. Qf5+ Kc6 93. Kf6 Kd6 94. Qf4+ Kd5 95. Ke7 Kc6 96. Qf5 Nb7 97. Ke6 Nc5+ 98. Ke5 Nd7+ 99. Kd4 Kd6 100. Qg6+ Ke7 101. Kd5 Nf6+ 102. Ke5 Nd7+ 103. Kd4 Nf6 104. Qf5 Nd7 105. Kd5 Nf6+ 106. Kc6 Ne8 107. Qe5+ Kf7 108. Kd7 Nf6+ 109. Kd8 Ng8 110. Qf4+ Nf6 111. Qf5 Kg7 112. Ke7 Ng8+ 113. Ke6 Nh6 114. Qg5+ Kh7 115. Kf6 Ng8+ 116. Kf7 Nh6+ 117.
Kf8 Nf7 118. Qg7# 1-0

[Event "Early-Titled-Tuesday-Blitz-March-05-2024"]
[Site "Chess.com"]
[Date "2024.03.05"]
[Round "11"]
[White "ChessLover0108"]
[Black "wonderfultime"]
[Result "1/2-1/2"]
[WhiteElo "2963"]
[BlackElo "3038"]
[TimeControl "180+1"]
[EndTime "10:13:26 PST"]
[Termination "Game drawn by 50-move rule"]

1. d4 d5 2. c4 e6 3. Nc3 Bb4 4.
a3 Bxc3+ 5. bxc3 c6 6. e3 Nf6 7.
Bd3 O-O 8. a4 b6 9. Nf3 Ba6 10.
Qe2 Nbd7 11. O-O Qc7 12. Ba3 Rfe8 13. Rfc1 Rac8 14. Nd2 e5 15. Qf1 g6 16. h3 c5 17.
cxd5 Bxd3 18. Qxd3 c4 19. Qc2 Nxd5 20. Ne4 Re6 21.
Rd1 exd4 22. Rxd4 N7f6 23. Ng5 Ree8 24. Rad1 Qe5 25. Nf3 Qe6 26. Nd2 a6 27. Nxc4 Rxc4 28. Rxc4 Nxe3 29. fxe3 Qxc4 30. Rd4 Qe6 31. Qd3 Kg7 32.
c4 Qxe3+ 33. Qxe3 Rxe3 34. Bb2 Rb3 35. Rd2 g5 36. Be5 Re3 37. Bb2 Re6 38. Rd5 Kg6 39. Rd8 h6 40. Bd4 Rc6 41. Be5 Ne4 42. Rd4 Nc5 43. Bd6 Nxa4 44. Bf8 Nc5 45. Rd5 Ne6 46.
Be7 Rxc4 47. Rd6 b5 48. Rxa6 Rc7 49. Bb4 Rc4 50. Be7 h5 51. Rb6 Rc1+ 52. Kh2 Rb1 53. Bd6 h4 54. Be7 Rb3 55. Rb7 Nf4 56. Rb6+ Kh5 57.
Bd6 Nd3 58. Rb8 Kg6 59. Rb6 Kf5 60. Be7 Rb2 61. Rf6+ Ke4 62. Rxf7 Nf4 63. Kh1 Rb1+ 64. Kh2 Rb2 65. Kh1 Nxg2 66. Bxg5 Ne1 67. Re7+ Kf5 68.
Bc1 Rb3 69. Rxe1 Rxh3+ 70. Kg2 Rc3 71. Kf2 h3 72. Be3 b4 73. Kf3 b3 74. Rb1 h2 75.
Rh1 b2 76. Ke2 Rc1 77. Bxc1 b1=Q 78. Kf2 Qc2+ 79. Kg3 Qd3+ 80. Kxh2 Qe2+ 81. Kg3 Qd3+ 82. Kf2 Qc2+ 83. Kg3 Qc3+ 84. Kf2 Qc5+ 85. Be3 Qc2+ 86. Kg3 Qe4 87. Rf1+ Kg6 88. Re1 Qb4 89. Kf2 Kf5 90.
Re2 Kg4 91. Bd2 Qc5+ 92. Be3 Qc6 93. Ke1 Kf3 94. Bd2 Qb6 95. Re3+ Kg4 96. Kd1 Qb1+ 97. Bc1 Qa2 98. Rd3 Kf5 99. Re3 Qg2 100. Bd2 Qh2 101. Kc2 Qc7+ 102. Kd1 Qb7 103. Ke2 Qb1 104. Rf3+ Kg4 105. Re3 Qb5+ 106. Kd1 Qc4 107. Ke1 Qc2 108. Ke2 Kf5 109. Rf3+ Ke4 110. Rf4+ Ke5 111. Rf3 Qc4+ 112. Ke1 Qg4 113. Re3+ Kd4 114. Rc3 Qh5 115. Re3 Qh1+ 116. Ke2 Qg2+ 117. Kd1 Qf1+ 118. Kc2 Qb5 119. Rc3 Qf5+ 120. Kc1 Qg6 121. Re3 Kc4 122. Rc3+ Kd4 123. Re3 Qg8 124. Kd1 Qa2 125. Ke2 Qa6+ 126. Ke1 Qc4 127. Kd1 Qb5 128. Ke1 Qh5 129. Rc3 Ke4 130. Re3+ 1/2-1/2